Unix NetHack Version 3.7.0-65 Work-in-progress - last build Sep 23 2022 07:09:18 (44f82226d8e4b5dc2c60eb0db1503df654622890,branch:master).

Game began 2022-09-24 01:33:48, ended 2022-09-24 02:33:30.

aerth, lawful female human Monk

  
unexplored area
unexplored area
unexplored area
unexplored area
unexplored area
unexplored area
unexplored area
unexplored area
unexplored area
unexplored area
unexplored area
unexplored area
unexplored area
unexplored area
unexplored area
unexplored area
unexplored area
unexplored area
unexplored area
unexplored area
unexplored area
unexplored area
unexplored area
unexplored area
unexplored area
unexplored area
unexplored area
unexplored area
unexplored area
unexplored area
unexplored area
unexplored area
unexplored area
unexplored area
unexplored area
unexplored area
unexplored area
unexplored area
unexplored area
unexplored area
unexplored area
unexplored area
unexplored area
unexplored area
unexplored area
unexplored area
unexplored area
unexplored area
unexplored area
unexplored area
unexplored area
unexplored area
unexplored area
unexplored area
unexplored area
unexplored area
unexplored area
unexplored area
unexplored area
unexplored area
unexplored area
unexplored area
unexplored area
unexplored area
unexplored area
unexplored area
unexplored area
unexplored area
unexplored area
unexplored area
unexplored area
unexplored area
unexplored area
unexplored area
unexplored area
unexplored area
unexplored area
unexplored area
unexplored area
unexplored area
unexplored area
unexplored area
unexplored area
unexplored area
unexplored area
unexplored area
unexplored area
unexplored area
unexplored area
unexplored area
unexplored area
unexplored area
unexplored area
unexplored area
unexplored area
unexplored area
unexplored area
unexplored area
unexplored area
unexplored area
unexplored area
unexplored area
unexplored area
unexplored area
unexplored area
unexplored area
unexplored area
unexplored area
unexplored area
unexplored area
unexplored area
unexplored area
unexplored area
unexplored area
unexplored area
unexplored area
unexplored area
unexplored area
unexplored area
unexplored area
unexplored area
unexplored area
unexplored area
unexplored area
unexplored area
unexplored area
unexplored area
stone
stone
stone
stone
stone
stone
stone
stone
stone
stone
stone
unexplored area
unexplored area
unexplored area
unexplored area
unexplored area
unexplored area
unexplored area
unexplored area
unexplored area
unexplored area
unexplored area
unexplored area
unexplored area
unexplored area
unexplored area
unexplored area
unexplored area
unexplored area
unexplored area
unexplored area
unexplored area
unexplored area
unexplored area
unexplored area
unexplored area
unexplored area
unexplored area
unexplored area
unexplored area
unexplored area
unexplored area
unexplored area
unexplored area
unexplored area
unexplored area
unexplored area
unexplored area
unexplored area
unexplored area
unexplored area
unexplored area
unexplored area
unexplored area
unexplored area
unexplored area
unexplored area
unexplored area
unexplored area
unexplored area
unexplored area
unexplored area
unexplored area
unexplored area
unexplored area
unexplored area
unexplored area
unexplored area
unexplored area
unexplored area
unexplored area
unexplored area
unexplored area
unexplored area
unexplored area
unexplored area
unexplored area
unexplored area
unexplored area
stone
corridor
corridor
corridor
corridor
corridor
corridor
corridor
corridor
corridor
stone
unexplored area
unexplored area
unexplored area
unexplored area
unexplored area
unexplored area
unexplored area
unexplored area
unexplored area
unexplored area
unexplored area
unexplored area
unexplored area
unexplored area
unexplored area
unexplored area
unexplored area
unexplored area
unexplored area
unexplored area
unexplored area
unexplored area
unexplored area
unexplored area
unexplored area
unexplored area
unexplored area
unexplored area
unexplored area
unexplored area
unexplored area
unexplored area
unexplored area
unexplored area
unexplored area
unexplored area
unexplored area
unexplored area
unexplored area
unexplored area
unexplored area
unexplored area
unexplored area
unexplored area
wall
wall
wall
wall
wall
wall
wall
wall
wall
wall
wall
wall
wall
wall
wall
wall
wall
wall
wall
wall
wall
wall
wall
wall
wall
wall
wall
wall
wall
wall
wall
wall
wall
corridor
stone
unexplored area
unexplored area
unexplored area
unexplored area
unexplored area
unexplored area
unexplored area
unexplored area
unexplored area
unexplored area
unexplored area
unexplored area
unexplored area
unexplored area
unexplored area
unexplored area
unexplored area
unexplored area
unexplored area
unexplored area
unexplored area
unexplored area
unexplored area
unexplored area
unexplored area
unexplored area
unexplored area
unexplored area
unexplored area
unexplored area
unexplored area
unexplored area
unexplored area
unexplored area
unexplored area
unexplored area
unexplored area
unexplored area
unexplored area
unexplored area
unexplored area
unexplored area
unexplored area
unexplored area
wall
.dark part of a room
.dark part of a room
.dark part of a room
.dark part of a room
)a club
.dark part of a room
.dark part of a room
.dark part of a room
.dark part of a room
.dark part of a room
.dark part of a room
.dark part of a room
.dark part of a room
.dark part of a room
.dark part of a room
.dark part of a room
.dark part of a room
.dark part of a room
.dark part of a room
.dark part of a room
.dark part of a room
.dark part of a room
.dark part of a room
.dark part of a room
.dark part of a room
.dark part of a room
.dark part of a room
.dark part of a room
.dark part of a room
.dark part of a room
.dark part of a room
wall
corridor
stone
stone
stone
stone
stone
stone
stone
stone
stone
stone
stone
stone
wall
wall
wall
wall
wall
wall
unexplored area
unexplored area
unexplored area
unexplored area
unexplored area
unexplored area
unexplored area
unexplored area
unexplored area
unexplored area
unexplored area
unexplored area
unexplored area
unexplored area
unexplored area
unexplored area
unexplored area
unexplored area
unexplored area
unexplored area
unexplored area
unexplored area
unexplored area
unexplored area
unexplored area
unexplored area
unexplored area
unexplored area
unexplored area
wall
wall
wall
wall
.dark part of a room
.dark part of a room
.dark part of a room
.dark part of a room
wall
wall
wall
wall
wall
)a club
wall
wall
wall
wall
|open door
wall
wall
.dark part of a room
.dark part of a room
wall
wall
wall
wall
wall
.dark part of a room
.dark part of a room
-open door
%a rothe corpse
corridor
corridor
corridor
corridor
corridor
corridor
corridor
corridor
corridor
corridor
corridor
corridor
.doorway
.dark part of a room
.dark part of a room
.dark part of a room
.dark part of a room
wall
unexplored area
unexplored area
unexplored area
unexplored area
unexplored area
unexplored area
unexplored area
unexplored area
unexplored area
unexplored area
unexplored area
unexplored area
unexplored area
unexplored area
unexplored area
unexplored area
unexplored area
unexplored area
unexplored area
unexplored area
unexplored area
unexplored area
unexplored area
unexplored area
unexplored area
unexplored area
unexplored area
wall
unexplored area
wall
.dark part of a room
.dark part of a room
wall
wall
wall
wall
.dark part of a room
wall
.dark part of a room
.dark part of a room
%a crocodile corpse
-open door
.dark part of a room
wall
.dark part of a room
.dark part of a room
wall
.dark part of a room
.dark part of a room
wall
.dark part of a room
.dark part of a room
wall
(7 candles
.dark part of a room
(some candles
wall
.dark part of a room
.dark part of a room
wall
corridor
stone
stone
stone
stone
stone
stone
stone
stone
stone
stone
stone
stone
wall
<staircase up
.dark part of a room
.dark part of a room
.dark part of a room
wall
unexplored area
unexplored area
unexplored area
unexplored area
unexplored area
unexplored area
unexplored area
unexplored area
unexplored area
unexplored area
unexplored area
unexplored area
unexplored area
unexplored area
unexplored area
unexplored area
unexplored area
unexplored area
unexplored area
unexplored area
unexplored area
unexplored area
unexplored area
unexplored area
unexplored area
unexplored area
unexplored area
.doorway
.dark part of a room
wall
.dark part of a room
.dark part of a room
wall
.dark part of a room
(a large box
wall
.dark part of a room
wall
.dark part of a room
_chaotic altar
.dark part of a room
wall
.dark part of a room
-open door
.dark part of a room
.dark part of a room
wall
.dark part of a room
.dark part of a room
wall
.dark part of a room
.dark part of a room
wall
/a jeweled wand
(a candle
(5 candles
wall
.dark part of a room
.dark part of a room
wall
corridor
stone
unexplored area
unexplored area
unexplored area
unexplored area
unexplored area
unexplored area
unexplored area
unexplored area
unexplored area
stone
corridor
.doorway
.dark part of a room
.dark part of a room
.dark part of a room
.dark part of a room
wall
unexplored area
unexplored area
unexplored area
unexplored area
unexplored area
unexplored area
unexplored area
unexplored area
unexplored area
unexplored area
unexplored area
unexplored area
unexplored area
unexplored area
unexplored area
unexplored area
unexplored area
unexplored area
unexplored area
unexplored area
unexplored area
unexplored area
unexplored area
unexplored area
unexplored area
unexplored area
unexplored area
wall
.dark part of a room
wall
|open door
wall
wall
(a glass orb
(a skeleton key
wall
.dark part of a room
wall
.dark part of a room
.dark part of a room
.dark part of a room
wall
.dark part of a room
wall
wall
wall
wall
wall
wall
wall
wall
.dark part of a room
wall
.dark part of a room
.dark part of a room
.dark part of a room
wall
.dark part of a room
.dark part of a room
wall
corridor
stone
stone
stone
stone
stone
stone
stone
stone
stone
stone
stone
corridor
wall
.dark part of a room
.dark part of a room
.dark part of a room
.dark part of a room
wall
unexplored area
unexplored area
unexplored area
unexplored area
unexplored area
unexplored area
unexplored area
unexplored area
unexplored area
unexplored area
unexplored area
unexplored area
unexplored area
unexplored area
unexplored area
unexplored area
unexplored area
unexplored area
unexplored area
unexplored area
unexplored area
unexplored area
unexplored area
unexplored area
unexplored area
unexplored area
unexplored area
wall
.dark part of a room
.dark part of a room
.dark part of a room
.dark part of a room
wall
.dark part of a room
.dark part of a room
wall
.dark part of a room
wall
.dark part of a room
.dark part of a room
[a cursed pair of iron shoes
wall
.dark part of a room
.dark part of a room
.dark part of a room
.dark part of a room
-open door
.dark part of a room
.dark part of a room
.dark part of a room
wall
.dark part of a room
wall
wall
wall
|open door
wall
.dark part of a room
.dark part of a room
wall
corridor
corridor
corridor
corridor
corridor
corridor
corridor
corridor
corridor
corridor
corridor
corridor
corridor
.doorway
.dark part of a room
.dark part of a room
.dark part of a room
.dark part of a room
wall
unexplored area
unexplored area
unexplored area
unexplored area
unexplored area
unexplored area
unexplored area
unexplored area
unexplored area
unexplored area
unexplored area
unexplored area
unexplored area
unexplored area
unexplored area
unexplored area
unexplored area
unexplored area
unexplored area
unexplored area
unexplored area
unexplored area
unexplored area
unexplored area
unexplored area
unexplored area
unexplored area
wall
.dark part of a room
fountain
.dark part of a room
.dark part of a room
wall
|open door
wall
wall
.dark part of a room
wall
wall
wall
wall
wall
.dark part of a room
.dark part of a room
.dark part of a room
.dark part of a room
wall
.dark part of a room
.dark part of a room
.dark part of a room
wall
.dark part of a room
.dark part of a room
.dark part of a room
.dark part of a room
.dark part of a room
.dark part of a room
.dark part of a room
.dark part of a room
wall
stone
stone
stone
stone
stone
stone
stone
stone
stone
corridor
corridor
stone
stone
wall
.dark part of a room
.dark part of a room
.dark part of a room
.dark part of a room
wall
unexplored area
unexplored area
unexplored area
unexplored area
unexplored area
unexplored area
unexplored area
unexplored area
unexplored area
unexplored area
unexplored area
unexplored area
unexplored area
unexplored area
unexplored area
unexplored area
unexplored area
unexplored area
unexplored area
unexplored area
unexplored area
unexplored area
unexplored area
unexplored area
unexplored area
unexplored area
unexplored area
wall
.dark part of a room
.dark part of a room
.dark part of a room
.dark part of a room
.dark part of a room
.dark part of a room
.dark part of a room
.dark part of a room
.dark part of a room
.dark part of a room
wall
unexplored area
unexplored area
wall
+closed door
wall
wall
.dark part of a room
wall
wall
wall
wall
wall
.dark part of a room
.dark part of a room
wall
wall
wall
wall
wall
.dark part of a room
wall
unexplored area
unexplored area
unexplored area
unexplored area
unexplored area
unexplored area
unexplored area
unexplored area
unexplored area
unexplored area
unexplored area
unexplored area
unexplored area
wall
wall
wall
wall
wall
wall
unexplored area
unexplored area
unexplored area
unexplored area
unexplored area
unexplored area
unexplored area
unexplored area
unexplored area
unexplored area
unexplored area
unexplored area
unexplored area
unexplored area
unexplored area
unexplored area
unexplored area
unexplored area
unexplored area
unexplored area
unexplored area
unexplored area
unexplored area
unexplored area
unexplored area
unexplored area
unexplored area
wall
.dark part of a room
.dark part of a room
.dark part of a room
.dark part of a room
wall
wall
+closed door
wall
.dark part of a room
.dark part of a room
-open door
.dark part of a room
.dark part of a room
wall
unexplored area
unexplored area
wall
.dark part of a room
.dark part of a room
.dark part of a room
.dark part of a room
.dark part of a room
.dark part of a room
.dark part of a room
.dark part of a room
-open door
.dark part of a room
%some food rations
%some apples
wall
.dark part of a room
wall
unexplored area
unexplored area
unexplored area
unexplored area
unexplored area
unexplored area
unexplored area
unexplored area
unexplored area
unexplored area
unexplored area
unexplored area
unexplored area
unexplored area
unexplored area
unexplored area
unexplored area
unexplored area
unexplored area
unexplored area
unexplored area
unexplored area
unexplored area
unexplored area
unexplored area
unexplored area
unexplored area
unexplored area
unexplored area
unexplored area
unexplored area
unexplored area
unexplored area
unexplored area
unexplored area
unexplored area
unexplored area
unexplored area
unexplored area
unexplored area
unexplored area
unexplored area
unexplored area
unexplored area
unexplored area
unexplored area
wall
.dark part of a room
wall
+closed door
wall
wall
unexplored area
unexplored area
wall
.dark part of a room
wall
wall
wall
wall
wall
unexplored area
unexplored area
wall
|open door
wall
wall
wall
.dark part of a room
(a candle
.dark part of a room
.dark part of a room
wall
.dark part of a room
%some tins
%a haggis
wall
.dark part of a room
wall
unexplored area
unexplored area
unexplored area
unexplored area
unexplored area
unexplored area
unexplored area
unexplored area
unexplored area
unexplored area
unexplored area
unexplored area
unexplored area
unexplored area
unexplored area
unexplored area
unexplored area
unexplored area
unexplored area
unexplored area
unexplored area
unexplored area
unexplored area
unexplored area
unexplored area
unexplored area
unexplored area
unexplored area
unexplored area
unexplored area
unexplored area
unexplored area
unexplored area
unexplored area
unexplored area
unexplored area
unexplored area
unexplored area
unexplored area
unexplored area
unexplored area
unexplored area
unexplored area
unexplored area
unexplored area
unexplored area
wall
.dark part of a room
unexplored area
unexplored area
unexplored area
unexplored area
unexplored area
unexplored area
wall
.dark part of a room
wall
/an uncursed wand called speedmon
)5 daggers
(a leash
wall
wall
wall
wall
.dark part of a room
.dark part of a room
.dark part of a room
wall
wall
wall
wall
.dark part of a room
wall
wall
wall
wall
wall
.dark part of a room
wall
unexplored area
unexplored area
unexplored area
unexplored area
unexplored area
unexplored area
unexplored area
unexplored area
unexplored area
unexplored area
unexplored area
unexplored area
unexplored area
unexplored area
unexplored area
unexplored area
unexplored area
unexplored area
unexplored area
unexplored area
unexplored area
unexplored area
unexplored area
unexplored area
unexplored area
unexplored area
unexplored area
unexplored area
unexplored area
unexplored area
unexplored area
unexplored area
unexplored area
unexplored area
unexplored area
unexplored area
unexplored area
unexplored area
unexplored area
unexplored area
unexplored area
unexplored area
unexplored area
unexplored area
unexplored area
unexplored area
wall
unexplored area
unexplored area
unexplored area
.dark part of a room
.doorway
wall
wall
wall
.dark part of a room
wall
.dark part of a room
.dark part of a room
.dark part of a room
wall
.dark part of a room
.dark part of a room
wall
.dark part of a room
.dark part of a room
.dark part of a room
wall
unexplored area
unexplored area
+closed door
.dark part of a room
.dark part of a room
.dark part of a room
.dark part of a room
.dark part of a room
.dark part of a room
.dark part of a room
wall
unexplored area
unexplored area
unexplored area
unexplored area
unexplored area
unexplored area
unexplored area
unexplored area
unexplored area
unexplored area
unexplored area
unexplored area
unexplored area
unexplored area
unexplored area
unexplored area
unexplored area
unexplored area
unexplored area
unexplored area
unexplored area
unexplored area
unexplored area
unexplored area
unexplored area
unexplored area
unexplored area
unexplored area
unexplored area
unexplored area
unexplored area
unexplored area
unexplored area
unexplored area
unexplored area
unexplored area
unexplored area
unexplored area
unexplored area
unexplored area
unexplored area
unexplored area
unexplored area
unexplored area
unexplored area
unexplored area
unexplored area
unexplored area
unexplored area
unexplored area
unexplored area
wall
.floor of a room
.dark part of a room
.dark part of a room
.dark part of a room
-open door
(a candle
?a scroll of amnesia
%a tripe ration
wall
.dark part of a room
.dark part of a room
wall
.dark part of a room
.dark part of a room
.dark part of a room
wall
unexplored area
unexplored area
wall
.dark part of a room
.dark part of a room
.dark part of a room
.dark part of a room
.dark part of a room
.dark part of a room
.dark part of a room
wall
unexplored area
unexplored area
unexplored area
unexplored area
unexplored area
unexplored area
unexplored area
unexplored area
unexplored area
unexplored area
unexplored area
unexplored area
unexplored area
unexplored area
unexplored area
unexplored area
unexplored area
unexplored area
unexplored area
unexplored area
unexplored area
unexplored area
unexplored area
unexplored area
unexplored area
unexplored area
unexplored area
unexplored area
unexplored area
unexplored area
unexplored area
unexplored area
unexplored area
unexplored area
unexplored area
unexplored area
unexplored area
unexplored area
unexplored area
unexplored area
unexplored area
unexplored area
unexplored area
unexplored area
unexplored area
unexplored area
unexplored area
unexplored area
wall
wall
wall
wall
.floor of a room
.floor of a room
%a gnome queen corpse
.dark part of a room
wall
wall
wall
wall
wall
wall
|open door
wall
wall
wall
wall
wall
wall
wall
wall
.dark part of a room
.dark part of a room
.dark part of a room
.dark part of a room
.dark part of a room
fountain
.dark part of a room
wall
unexplored area
unexplored area
unexplored area
unexplored area
unexplored area
unexplored area
unexplored area
unexplored area
unexplored area
unexplored area
unexplored area
unexplored area
unexplored area
unexplored area
unexplored area
unexplored area
unexplored area
unexplored area
unexplored area
unexplored area
unexplored area
unexplored area
unexplored area
unexplored area
unexplored area
unexplored area
unexplored area
unexplored area
unexplored area
unexplored area
unexplored area
unexplored area
unexplored area
unexplored area
unexplored area
unexplored area
unexplored area
unexplored area
unexplored area
unexplored area
unexplored area
unexplored area
unexplored area
unexplored area
unexplored area
unexplored area
hpeaceful dwarf
.floor of a room
.floor of a room
.floor of a room
.floor of a room
.floor of a room
.floor of a room
.floor of a room
.floor of a room
.floor of a room
.floor of a room
@human monk called aerth
asoldier ant
.floor of a room
.floor of a room
.floor of a room
.floor of a room
.floor of a room
.floor of a room
.floor of a room
.floor of a room
.floor of a room
.floor of a room
.floor of a room
.floor of a room
.floor of a room
.floor of a room
.floor of a room
@peaceful watchman
.floor of a room
%a yellow mold corpse
.floor of a room
wall
unexplored area
unexplored area
unexplored area
unexplored area
unexplored area
unexplored area
unexplored area
unexplored area
unexplored area
unexplored area
unexplored area
unexplored area
unexplored area
unexplored area
unexplored area
unexplored area
unexplored area
unexplored area
unexplored area
unexplored area
unexplored area
unexplored area
unexplored area
unexplored area
unexplored area
unexplored area
unexplored area
unexplored area
unexplored area
unexplored area
unexplored area
unexplored area
unexplored area
unexplored area
unexplored area
unexplored area
unexplored area
unexplored area
unexplored area
unexplored area
unexplored area
unexplored area
unexplored area
unexplored area
unexplored area
unexplored area
wall
.doorway
wall
wall
wall
wall
wall
wall
wall
wall
wall
wall
wall
wall
wall
wall
wall
wall
wall
wall
wall
wall
wall
wall
wall
wall
wall
wall
wall
wall
wall
wall
wall
unexplored area
unexplored area
unexplored area
unexplored area
unexplored area
unexplored area
unexplored area
unexplored area
unexplored area
unexplored area
unexplored area
unexplored area
unexplored area
unexplored area
unexplored area
unexplored area
unexplored area
unexplored area
unexplored area
unexplored area
unexplored area
unexplored area
unexplored area
unexplored area
unexplored area
unexplored area
unexplored area
unexplored area
unexplored area
unexplored area
unexplored area
unexplored area
unexplored area
unexplored area
unexplored area
unexplored area
unexplored area
unexplored area
unexplored area
unexplored area
unexplored area
unexplored area
unexplored area
unexplored area
unexplored area
unexplored area
unexplored area
unexplored area
unexplored area
unexplored area
unexplored area
unexplored area
unexplored area
unexplored area
unexplored area
unexplored area
unexplored area
unexplored area
unexplored area
unexplored area
unexplored area
unexplored area
unexplored area
unexplored area
unexplored area
unexplored area
unexplored area
unexplored area
unexplored area
unexplored area
unexplored area
unexplored area
unexplored area
unexplored area
unexplored area
unexplored area
unexplored area
unexplored area
unexplored area
unexplored area
unexplored area
unexplored area
unexplored area
unexplored area
unexplored area
unexplored area
unexplored area
unexplored area
unexplored area
unexplored area
unexplored area
unexplored area
unexplored area
unexplored area
unexplored area
unexplored area
unexplored area
unexplored area
unexplored area
unexplored area
unexplored area
[Aerth the Initiate ] St:18/04 Dx:13 Co:15 In:9 Wi:13 Ch:10 Lawful Dlvl:7 $:0 HP:0(80) Pw:55(55) AC:5 Xp:9/4207 T:7923

Latest messages:

You hit the scorpion!
The scorpion hits!
The scorpion hits!
The scorpion stings!
You hit the scorpion!
The scorpion hits!
The scorpion hits!
The scorpion stings!
You hit the scorpion!
The scorpion hits!
The scorpion hits!
The scorpion stings!
The soldier ant bites!
The soldier ant stings!
#
Are you sure you want to pray? [yn] (n)
You begin praying to Shan Lai Ching.
You are surrounded by a shimmering light.
The soldier ant starts to attack you, but pulls back.
The scorpion starts to attack you, but pulls back.
The soldier ant starts to attack you, but pulls back.
The soldier ant starts to attack you, but pulls back.
The scorpion starts to attack you, but pulls back.
The scorpion starts to attack you, but pulls back.
The soldier ant starts to attack you, but pulls back.
The scorpion starts to attack you, but pulls back.
You finish your prayer.
You feel that Shan Lai Ching is well-pleased.
You feel much better.
The soldier ant bites!
The soldier ant stings!
The soldier ant misses!
The soldier ant stings!
The soldier ant bites!
The soldier ant stings!
The soldier ant bites!
The soldier ant stings!
The soldier ant's sting was poisoned!
The poison doesn't seem to affect you.
The soldier ant bites!
The soldier ant stings!
What do you want to zap? [nxyAEJQ or ?*]
In what direction?
The wand hits the soldier ant!
The wand misses the soldier ant.
The soldier ant bites!
The soldier ant stings!
The soldier ant bites!
The soldier ant stings!
You die...

Inventory:

Amulets ('"')

C - an uncursed amulet of unchanging (being worn)

Armor ('[')

Z - an uncursed +1 pair of leather gloves
a - an uncursed rotted +2 pair of leather gloves (being worn)
L - an uncursed +0 dwarvish cloak
F - an uncursed +1 robe (being worn)

Comestibles ('%')

h - 6 uncursed apples
p - an uncursed cream pie
g - 3 uncursed food rations
j - 3 uncursed fortune cookies
i - 8 uncursed oranges
m - an uncursed pancake
r - 2 uncursed tripe rations
s - an uncursed tin of french fried gnome meat
N - an uncursed tin of sauteed newt meat
w - an uncursed egg
q - an uncursed lichen corpse
W - 4 uncursed lizard corpses

Scrolls ('?')

d - a cursed scroll of amnesia

Wands ('/')

Q - an uncursed wand of cold (0:0)
y - an uncursed wand of magic missile (0:3)
A - an uncursed wand of magic missile (0:0)
J - an uncursed wand of make invisible (0:2)
x - an uncursed wand of polymorph (0:7)
n - an uncursed wand of striking (0:4)
E - an uncursed wand of teleportation (0:6)

Tools ('(')

b - an uncursed sack containing 28 items
t - an uncursed blindfold
k - an uncursed magic marker (0:78)
X - an uncursed skeleton key
l - an uncursed tin whistle

Gems/Stones ('*')

v - an uncursed garnet stone
U - an uncursed worthless piece of blue glass
S - an uncursed worthless piece of orange glass
o - an uncursed worthless piece of violet glass
u - an uncursed worthless piece of yellow glass

Contents of the sack:

3326 gold pieces
a blessed scroll of confuse monster
an uncursed scroll of destroy armor
2 uncursed scrolls of earth
an uncursed scroll of enchant weapon
2 uncursed scrolls of gold detection
an uncursed scroll of identify
a cursed scroll of identify
an uncursed scroll of punishment
an uncursed scroll of teleportation
an uncursed potion of confusion
an uncursed potion of extra healing
2 uncursed potions of fruit juice
an uncursed potion of fruit juice
an uncursed potion of full healing
an uncursed potion of gain ability
an uncursed potion of hallucination
a blessed potion of healing
an uncursed potion of healing
a blessed potion of invisibility
an uncursed potion of levitation
an uncursed potion of sickness
2 uncursed potions of water
an uncursed +1 ring of adornment
an uncursed -1 ring of gain strength
an uncursed ring of invisibility
an uncursed +2 ring of protection
a cursed ring of slow digestion

Aerth the Monk's attributes:


Background:

You were an Initiate, a level 9 female human Monk.
You were lawful, on a mission for Shan Lai Ching
who was opposed by Chih Sung-tzu (neutral) and Huan Ti (chaotic).
You were in the Gnomish Mines, on level 7.
You entered the dungeon 7923 turns ago.
It was nighttime.
There was a new moon in effect when your adventure ended.
You had 4207 experience points, 913 more were needed to attain level 10.

Basics:

You had 0 out of 80 hit points.
You had all 55 energy points (spell power).
Your armor class was 5.
Your wallet was empty.
Autopickup was on for '$?!"=/*', with exceptions.

Final Characteristics:

Your strength was 18/04 (limit:18/100).
Your dexterity was 13 (limit:18).
Your constitution was 15 (limit:18).
Your intelligence was 9 (limit:18).
Your wisdom was 13 (limit:18).
Your charisma was 10 (limit:18).

Final Status:

You were not hungry.
You were unencumbered.
You were empty handed.
You were skilled in martial arts and could have enhanced that.

Final Attributes:

You were piously aligned.
You were sleep resistant.
You were poison resistant.
You saw invisible.
You were telepathic.
You were warned.
You had automatic searching.
You were stealthy.
You were guarded.
You could not change from your current form.
You were fast.
You are dead.

Miscellaneous:
You disabled loading of bones levels.
Total elapsed playing time was 59 minutes and 41 seconds.

Major events:

Turn

1: aerth the lawful female human Monk entered the dungeon
848: attained the rank of Novice (level 3)
940: entered the Gnomish Mines
1151: entered Sokoban
1914: completed 2nd Sokoban level
2180: attained the rank of Initiate (level 6)
2349: completed 3rd Sokoban level
3250: reached Mine Town
6141: completed 4th Sokoban level
7923: killed by a soldier ant

Vanquished creatures:

a giant mimic
an elven monarch
a stalker
a giant zombie
a warg
a small mimic
a gelatinous cube
a large cat
a tiger
a dwarf ruler
an ochre jelly
2 leocrottas
a human mummy
a carnivorous ape
3 crocodiles
a giant beetle
2 cockatrices
a winter wolf cub
a gremlin
2 leprechauns
2 orc-captains
a gnome ruler
a dwarf mummy
7 ogres
a brown pudding
3 Green-elves
4 lizards
a chickatrice
a dog
a housecat
a dust vortex
a raven
a plains centaur
a snake
a rope golem
a soldier ant
7 bugbears
2 imps
10 Mordor orcs
an orc shaman
4 rock piercers
2 rock moles
2 ponies
2 yellow lights
a violet fungus
4 gnome leaders
2 gnomish wizards
a barrow wight
3 giant ants
a little dog
4 floating eyes
3 hill orcs
a rothe
3 rabid rats
2 centipedes
3 giant bats
2 orc zombies
2 werejackals
an iguana
5 killer bees
a coyote
2 gas spores
11 manes
a large kobold
8 hobgoblins
5 cave spiders
2 brown molds
2 yellow molds
20 gnomes
2 garter snakes
2 gnome zombies
4 geckos
7 jackals
2 kobolds
5 goblins
a sewer rat
5 grid bugs
6 lichens
a kobold zombie
7 newts
215 creatures vanquished.
No species were genocided or became extinct.

Voluntary challenges:

You never hit with a wielded weapon.
You read items or engraved 11 times.
You engraved Elbereth 3 times.
You never genocided any monsters.
You never polymorphed an object.
You never changed form.
You used no wishes.
You did not violate any of the special Sokoban rules.

Achievements:

You attained the rank of Novice.
You entered the Gnomish Mines.
You entered Sokoban.
You attained the rank of Initiate.
You entered Minetown.
You entered a shop.
You entered a temple.

The Dungeons of Doom: levels 1 to 10

   Level 1:
Some fountains.
Level 2:
A fountain.
Level 3:
Some fountains.
Level 4:
A fountain.
Stairs down to The Gnomish Mines.
Level 5:
Many fountains.
Level 6:
A fountain.
Stairs up to Sokoban, level 5.
Level 7:
A fountain, a grave.
Level 8:
Level 9:
A sink.
Level 10:

The Gnomish Mines: levels 5 to 7

   Level 5:
Level 6:
Level 7: <- You were here.
Many shops, a temple, some fountains.
Final resting place for
you, killed by a soldier ant.

Sokoban: levels 5 up to 2

   Level 2:
Solved.
Level 3:
Solved.
Level 4:
Solved.
Level 5:
Unsolved.

Game over:

----------
/ \
/ REST \
/ IN \
/ PEACE \
/ \
| aerth |
| 3326 Au |
| killed by a |
| soldier ant |
| |
| |
| 2022 |
*| * * * | *
_________)/\\_//(\/(/\)/\//\/|_)_______

Goodbye aerth the Monk...


You died in The Gnomish Mines on dungeon level 7 with 20292 points,
and 3326 pieces of gold, after 7923 moves.
You were level 9 with a maximum of 80 hit points when you died.